 Dungeon Crawl Stone Soup version 0.31-a0-1027-gfb7600b534 (webtiles) character file.

Game seed: 6303029651382006645

170 Gynju the Shooter (level 5, -4/41 HPs)
             Began as a Formicid Hunter on Nov 18, 2023.
             Succumbed to Ijyb's poison
             ... on level 4 of the Dungeon.
             The game lasted 00:03:58 (1922 turns).

Gynju the Shooter (Formicid Hunter)                 Turns: 1922, Time: 00:03:59

Health: -4/41      AC:  3    Str: 15    XL:     5   Next: 80%
Magic:  5/5        EV: 12    Int:  9    God:
Gold:   104        SH:  4    Dex: 19    Spells: 4/4 levels left

rFire   . . .        a - +0 shortbow
rCold   . . .        h - +0 buckler
rNeg    . . .        c - +0 leather armour
rPois   .            (helmet unavailable)
rElec   .            (no cloak)
rCorr   .            (no gloves)
SInv    +            (no boots)
Will    .....        (no amulet)
Stlth   ++           (no ring)
HPRegen 0.26/turn    (no ring)
MPRegen 0.09/turn

%: no passive effects
@: lethally poisoned (-4 -> -28)
A: permanent stasis, dig shafts and tunnels, antennae 3, four strong arms
a: Dig, Shaft Self


You were on level 4 of the Dungeon.
You visited 1 branch of the dungeon, and saw 4 of its levels.

You collected 104 gold pieces.

Inventory:

Hand Weapons
 a - a +0 shortbow (weapon)
Armour
 c - a +0 leather armour (worn)
 h - a +0 buckler (worn)
Jewellery
 d - a ring of willpower
Scrolls
 b - a scroll of butterflies
 e - 3 scrolls of identify {unknown}
 g - 3 scrolls of amnesia {unknown}
 i - a scroll of teleportation {unknown}
 k - a scroll of poison {unknown}
 l - a scroll of noise {unknown}
 n - a scroll of torment {unknown}
Potions
 f - a potion of brilliance {unknown}
 j - 2 potions of mutation {unknown}
 m - a potion of curing {unknown}
 o - a potion of attraction {unknown}
 p - 3 potions of magic {unknown}
 q - a potion of degeneration {unknown}


   Skills:
 + Level 3.5 Fighting
 * Level 5.4 Ranged Weapons
 + Level 2.9 Dodging
 - Level 1.2 Stealth


You had 4 spell levels left.
You didn't know any spells.
Your spell library contained the following spells:

 Spells                   Type           Power      Damage    Failure   Level
 Apportation              Tloc           0%         N/A       56%         1
 Necrotise                Necr           0%         1d4       56%         1
 Summon Small Mammal      Summ           0%         N/A       56%         1


Dungeon Overview and Level Annotations

Branches:
Dungeon (4/15)
 Temple: D:4-7

Altars:
Yredelemnul

Annotations:
D:4 Ijyb


Innate Abilities, Weirdness & Mutations

You cannot be hasted, slowed, berserked, paralysed or teleported.
You can dig through walls and to a lower floor.
You have a pair of large antennae on your head. (SInv)
Your four strong arms can wield two-handed weapons with a shield.


Message History

There is a stone staircase leading down here.
Search for what [? for help]? .
You climb downwards.
Found a stone staircase leading up.
There is a stone staircase leading up here.
Found a stone staircase leading up.
q - a coppery potion Ijyb the Twisted Goblin comes into view.
She is wielding a +0 dagger of venom and carrying a wand of flame.
Ijyb shouts!
Ijyb moves out of view.
No target in view!
No target in view!
You shoot an arrow. The arrow hits Ijyb but does no damage.
You shoot an arrow. The arrow hits Ijyb but does no damage.
You shoot an arrow. The arrow completely misses Ijyb.
You shoot an arrow. The arrow hits Ijyb but does no damage.
Ijyb hits you with a +0 dagger of venom.
You are poisoned.
You shoot an arrow. The arrow barely misses Ijyb.
You feel very sick. Ijyb barely misses you.
Ijyb zaps a wand.
The puff of flame hits you!
You are too injured to fight recklessly!
You are too injured to fight recklessly!
You are too injured to fight recklessly!
You shoot an arrow. The arrow completely misses Ijyb.
You feel sick.
Ijyb zaps a wand.
The puff of flame hits you!
You shoot an arrow. The arrow closely misses Ijyb.
You feel sick.
Ijyb hits you with a +0 dagger of venom.
* * * LOW HITPOINT WARNING * * *
You are lethally poisoned!
You shoot an arrow. The arrow hits Ijyb.
Ijyb is lightly wounded.
* * * LOW HITPOINT WARNING * * *
You feel very sick.
Ijyb screams, "Die!"
Ijyb hits you with a +0 dagger of venom.
* * * LOW HITPOINT WARNING * * *
You are more poisoned.
You shoot an arrow. The arrow barely misses Ijyb.
You die...

....# ..... ####...#
.......# # ......#
#..#######.....#######
#...g@.........#......
#.....###........#.#####
#.... #.#......#.# #...
#.#.#.##.#.##### #..
#.#.#.##.#...... #.
#.#^#.##.#...... #
#.#.#.##........
..#.#...........
####.#####.....<.


You could see Ijyb.

Vanquished Creatures
  Jessica (D:2)
  Terence (D:3)
  4 adders
  4 worms
  3 dart slugs
  5 ball pythons
  7 bats
  7 endoplasms
  A giant cockroach (D:3)
  4 goblins
  7 hobgoblins
  4 jackals (D:1)
  3 quokkas
  3 frilled lizards
  2 kobolds (D:2)
  8 rats
  A spectral orc (D:3)
65 creatures vanquished.

Notes
Turn   | Place    | Note
-------+----------+-------------------------------------------
     0 | D:1      | Gynju the Formicid Hunter began the quest for the Orb.
     0 | D:1      | Reached XP level 1. HP: 16/16 MP: 1/1
    42 | D:1      | Reached XP level 2. HP: 23/23 MP: 2/2
    86 | D:1      | Reached XP level 3. HP: 10/28 MP: 3/3
   729 | D:2      | Reached XP level 4. HP: 34/34 MP: 4/4
   999 | D:2      | Noticed Jessica
  1006 | D:2      | Killed Jessica
  1007 | D:2      | Reached skill level 5 in Ranged Weapons
  1016 | D:2      | Reached XP level 5. HP: 41/41 MP: 5/5
  1298 | D:3      | Noticed Terence
  1307 | D:3      | Killed Terence
  1490 | D:3      | Found a basalt altar of Yredelemnul.
  1912 | D:4      | Noticed Ijyb
  1921 | D:4      | HP: 1/41 [Ijyb/+0 dagger of venom (3)]
  1922 | D:4      | Succumbed to Ijyb's poison

Illustrated notes

Levels and vault maps discovered:
D:1:      minmay_arrival_radiant_lines, layout_basic, hex_tiny,
          nicolae_wormholes
D:2:      layout_basic, uniq_jessica
D:3:      layout_loops_ring, yredelemnul_forgotten_temple_becter, uniq_terence
D:4:      layout_basic, nicolae_hepliaklqana_hippocampus, st_stairs_10,
          hangedman_abyss_or_decor_stagger, minmay_goblin_outpost, uniq_robin,
          uniq_ijyb, uniq_eustachio

Skill      XL: |  1  2  3  4 |
---------------+-------------+-----
Dodging        | 2 |  2.9
Fighting       | 3 |  3.5
Ranged Weapons | 5 |  5.4
Stealth        | |  1.2

Action                     |  1- 3 |  4- 6 || total
---------------------------+-------+-------++-------
   Fire: Shortbow          |    92 |   119 ||   211
 Armour: Leather armour    |    19 |    22 ||    41
  Dodge: Dodged            |    34 |    14 ||    48
  Block: Buckler           |       |     9 ||     9

Table legend: (Time is in decaauts)
 A = Elapsed time spent in this place.
 B = Non-inter-level travel time spent in this place.
 C = Inter-level travel time spent in this place.
 D = Time resting spent in this place.
 E = Time spent auto-exploring this place.
 F = Levels seen in this place.
 G = Mean time per level.
                   A        B        C        D        E       F      G
               +--------+--------+--------+--------+--------+-----+--------+
         Total |   1968 |   1897 |     71 |      0 |   1503 |   4 |  492.0 |
       Dungeon |   1968 |   1897 |     71 |      0 |   1503 |   4 |  492.0 |
               +--------+--------+--------+--------+--------+-----+--------+

Top non-repeatable levels by time:
     D:3: 709 daAuts
     D:1: 660 daAuts
     D:2: 544 daAuts
     D:4: 54 daAuts
